 Dungeon Crawl Stone Soup version 0.23-b1-49-g13d5857 (webtiles) character file.

Game seed: 1588380006761556514

361 Hasart the Caller (level 6, -3/32 HPs)
             Began as a Tengu Wizard on Feb 3, 2019.
             Killed by nerve-wracking pain
             ... invoked by Menkaure
              (13 damage)
             ... on level 5 of the Dungeon.
             The game lasted 00:14:34 (4979 turns).

Hasart the Caller (Tengu Wizard)                    Turns: 4979, Time: 00:14:35

Health: -3/32      AC:  3    Str:  7    XL:     6   Next: 66%
Magic:  2/13       EV: 16    Int: 21    God:
Gold:   175        SH:  0    Dex: 12    Spells: 5/13 levels left

rFire    + . .     SeeInvis .   m - +0 flail
rCold    . . .     Gourm    .   (no shield)
rNeg     . . .     Faith    .   a - +0 robe
rPois    .         Spirit   .   b - +0 hat
rElec    .         Reflect  .   (no cloak)
rCorr    .         Harm     .   r - +0 pair of gloves
MR       .....                  (boots unavailable)
Stlth    +++.......             s - amulet of the acrobat
HPRegen  0.10/turn              h - ring of stealth
MPRegen  0.13/turn              l - ring of protection from fire

@: flying quickly and evasively, quick
A: beak, talons 3, able to fly
a: Stop Flying


You were on level 5 of the Dungeon.
You were not hungry.

You visited 1 branch of the dungeon, and saw 5 of its levels.

You collected 175 gold pieces.

Inventory:

Hand Weapons
 m - a +0 flail (weapon)
Armour
 a - a +0 robe (worn)
 b - a +0 hat (worn)
 r - a +0 pair of gloves (worn)
Jewellery
 h - a ring of stealth (left hand)
 k - an uncursed ring of ice
 l - a ring of protection from fire (right hand)
 s - an amulet of the acrobat (around neck)
Wands
 t - a wand of acid (8)
Scrolls
 g - 3 scrolls of remove curse
 j - 3 scrolls of teleportation {unknown}
 n - 7 scrolls of identify {unknown}
 p - a scroll of fear {unknown}
Potions
 c - 4 potions of flight {unknown}
 e - a potion of lignification {unknown}
 f - a potion of cancellation {unknown}
 i - a potion of heal wounds {unknown}
 o - 2 potions of curing {unknown}
 q - a potion of haste {unknown}
 u - a potion of agility {unknown}
Comestibles
 d - 5 rations


   Skills:
 + Level 3.9 Dodging
 - Level 2.0 Stealth
 + Level 4.0 Spellcasting
 + Level 4.1 Conjurations
 * Level 4.7 Summonings
 - Level 0.7 Translocations


You had 5 spell levels left.
You knew the following spells:

 Your Spells              Type           Power        Failure   Level  Hunger
a - Magic Dart            Conj           ###.         2%          1    None
b - Call Imp              Summ           ###.....     2%          2    #......
c - Mephitic Cloud        Conj/Pois/Air  ##......     21%         3    ###....
d - Blink                 Tloc           N/A          14%         2    #......

Your spell library contained the following spells:

 Spells                   Type           Power        Failure   Level  Hunger
 Conjure Flame            Conj/Fire      ##......     16%         3    ###....
 Slow                     Hex            #.......     19%         2    #......


Dungeon Overview and Level Annotations

Branches:
Dungeon (5/15)
 Temple: D:4-7

Altars:
Qazlal
Trog
Wu Jian
Xom
Zin
The Shining One

Annotations:
D:5 Menkaure


Innate Abilities, Weirdness & Mutations

You have a beak for a mouth.
You have claws for feet.
You can fly continuously.


Message History

Your white imp gestures at Menkaure.
The puff of frost misses Menkaure.
Menkaure hits your crimson imp!!
Your crimson imp dies!
Casting: Magic Dart (safe; 2% risk of failure)
Confirm with . or Enter, or press ? or * to list all spells.
A beastly little devil appears in a puff of flame.
Your white imp hits Menkaure but does no damage.
Your white imp hits Menkaure.
Your white imp freezes Menkaure.
Menkaure resists.
Menkaure closely misses your white imp.
Unknown command.
Casting: Call Imp (safe; 2% risk of failure)
Confirm with . or Enter, or press ? or * to list all spells.
Aiming: Magic Dart (safe; 2% risk of failure)
Press: ? - help, Shift-Dir - straight line, f/p - Menkaure
Aim: Menkaure (heavily damaged, fast)
The magic dart hits Menkaure.
Menkaure is heavily damaged.
Menkaure gestures at you while chanting.
Pain shoots through your body!
You die...

#..........................
#.....<....................
##..........#..######.##....
.'............## ....... .
##..........### ........
######'###### .......... #
#.# .......... # #.#
###5...!..... #### #.#
#@'M......... ...# #.#
#.#55....# ...###.#
#.#......# .....#.#
#.#......# .....#.#
#####.#.(....# #....#.#
#.#.....#......# #....#.#
#.#(############ #....#.#
#.#.# #....#.# #.#.#


You could see Menkaure, a friendly crimson imp and 2 friendly white imps.

Vanquished Creatures
  Natasha (twice) (D:3)
  2 iguanas
  An orc wizard (D:3)
  3 gnolls
  4 adders
  A howler monkey skeleton (D:4)
  A white imp (D:5)
  An ooze (D:4)
  A worm (D:4)
  2 leopard geckos
  7 orcs
  3 ball pythons
  4 bats
  2 giant cockroaches (D:1)
  5 hobgoblins
  3 jackals (D:3)
  A ball python skeleton (D:5)
  6 goblins
  A hobgoblin zombie (D:5)
  6 kobolds
  2 kobold skeletons (D:5)
  A kobold zombie (D:5)
  A leopard gecko skeleton (D:4)
  2 orc zombies (D:5)
  5 rats
67 creatures vanquished.

Vanquished Creatures (collateral kills)
  A crimson imp (D:5)
  An orc priest (D:5)
  An iguana (D:4)
  Natasha (D:3)
  A worker ant (D:5)
  A gnoll (D:3)
  An ooze (D:4)
  An adder skeleton (D:4)
  3 orcs (D:3)
  2 goblin zombies (D:5)
  A hobgoblin zombie (D:5)
  An orc skeleton (D:5)
15 creatures vanquished.

Grand Total: 82 creatures vanquished

Notes
Turn   | Place    | Note
-------+----------+-------------------------------------------
     0 | D:1      | Hasart the Tengu Wizard began the quest for the Orb.
     0 | D:1      | Reached XP level 1. HP: 10/10 MP: 5/5
   363 | D:1      | Reached XP level 2. HP: 15/15 MP: 4/7
   367 | D:1      | Learned a level 2 spell: Call Imp
   982 | D:2      | You fall through a shaft!
   990 | D:2      | Found an ornate altar of the Wu Jian Council.
  1307 | D:4      | Reached XP level 3. HP: 19/19 MP: 1/8
  1932 | D:4      | Reached XP level 4. HP: 20/24 MP: 3/10
  2125 | D:4      | Found a stormy altar of Qazlal.
  2227 | D:4      | Learned a level 3 spell: Mephitic Cloud
  2230 | D:4      | Learned a level 2 spell: Blink
  2309 | D:3      | Found a glowing silver altar of Zin.
  2649 | D:3      | Gained mutation: You can fly continuously. [Tengu growth]
  2649 | D:3      | Reached XP level 5. HP: 24/28 MP: 0/11
  2798 | D:3      | Found a shimmering altar of Xom.
  2960 | D:3      | Noticed Natasha
  2966 | D:3      | Killed Natasha
  3050 | D:3      | Found a bloodstained altar of Trog.
  3453 | D:2      | You are sucked into a shaft for 2 floors!
  3517 | D:3      | Noticed Natasha
  3529 | D:3      | Killed Natasha
  3529 | D:3      | Reached XP level 6. HP: 32/32 MP: 0/12
  3597 | D:3      | Noticed Natasha
  3605 | D:3      | Killed Natasha
  4259 | D:5      | Entered Level 5 of the Dungeon
  4467 | D:5      | Found a glowing golden altar of the Shining One.
  4784 | D:5      | Noticed Menkaure
  4979 | D:5      | Killed from afar by Menkaure

Skill      XL: |  1  2  3  4  5  6 |
---------------+-------------------+-----
Conjurations   | 2 3 4 |  4.1
Summonings     | 2 3 4 |  4.7
Dodging        | 3 |  3.9
Spellcasting   | 4 |  4.0
Stealth        | |  2.0
Translocations | |  0.7

Action                   |  1- 3 |  4- 6 || total
-------------------------+-------+-------++-------
Melee: Unarmed           |     1 |       ||     1
       Flail             |     1 |    54 ||    55
       Kick              |       |     6 ||     6
       Peck              |       |     3 ||     3
 Cast: Magic Dart        |    58 |   115 ||   173
       Call Imp          |     6 |    15 ||    21
       Mephitic Cloud    |       |     5 ||     5
       Blink             |       |     2 ||     2
 Abil: Fly               |       |     1 ||     1
  Use: Scroll            |       |     1 ||     1
 Stab: Distracted        |       |     2 ||     2
       Sleeping          |       |     1 ||     1
  Eat: Ration            |     1 |       ||     1
       Chunk             |       |    10 ||    10
Armor: Robe              |     3 |     6 ||     9
       Skin              |       |     7 ||     7
Dodge: Dodged            |    16 |    57 ||    73
